 Dungeon Crawl Stone Soup version 0.20.0-15-g7f486f2 (webtiles) character file.

26115 zigma the Grappler (level 12, -1/83 HPs)
             Began as a Purple Draconian Transmuter on June 12, 2017.
             Was a High Priest of the Shining One.
             Slain by a white ugly thing (17 damage)
             ... on level 13 of the Dungeon.
             The game lasted 00:41:45 (16099 turns).

zigma the Grappler (Purple Draconian Transmuter)   Turns: 16099, Time: 00:41:45

Health: -1/83      AC:  9    Str: 13    XL:     12   Next: 95%
Magic:  15/19      EV: 12    Int: 20    God:    the Shining One [*****.]
Gold:   192        SH:  0    Dex: 12    Spells: 4/15 levels left

rFire    + . .     SeeInvis .     - Unarmed
rCold    + . .     Gourm    .   (shield currently unavailable)
rNeg     + + .     Faith    .   (armour unavailable)
rPois    +         Spirit   .   (helmet restricted)
rElec    .         Reflect  .   P - scarf {rC+ rF+}
rCorr    .         Harm     .   (gloves currently unavailable)
MR       +....                  j - +0 pair of boots
Stlth    +.........             K - amulet of rage
Regen    0.3/turn               R - ring of wizardry (curse)
MPRegen  0.2/turn               Q - ring of poison resistance

@: blade hands, glowing
A: breathe power, unfitting armour, claws 1, clever 1, cold-blooded, AC +8
a: Breathe Dispelling Energy, End Transformation, Divine Shield, Cleansing
Flame, Summon Divine Warrior, Renounce Religion, Evoke Berserk Rage


You were on level 13 of the Dungeon.
You worshipped the Shining One.
The Shining One was extremely pleased with you.
You were hungry.
You had blades for hands.
You visited 1 branch of the dungeon, and saw 13 of its levels.

You collected 673 gold pieces.
You spent 481 gold pieces at shops.

Inventory:

Missiles
 a - 271 arrows
 f - 13 javelins
 k - a tomahawk of returning (quivered)
Armour
 j - a +0 pair of boots (worn)
 p - a +0 pair of gloves (melded)
 P - a scarf of resistance (worn)
Jewellery
 K - an amulet of rage (around neck)
 Q - a ring of poison resistance (right scythe-like blade)
 R - a cursed ring of wizardry (left scythe-like blade)
Wands
 r - a wand of iceblast (6/15)
 s - a wand of flame (4/48)
 y - a wand of paralysis (0/24)
 A - a wand of lightning (11/15)
 I - a wand of enslavement (20/24)
 L - a wand of lightning (7/15)
Scrolls
 g - a scroll of magic mapping
 l - a scroll of vulnerability
 m - 7 scrolls of remove curse
 n - 4 scrolls of teleportation
 q - 3 scrolls of amnesia
 v - a scroll of holy word {unknown}
 w - a scroll of recharging {unknown}
 x - a scroll of immolation
 B - 2 scrolls of blinking {unknown}
 C - a scroll of fear
 J - 2 scrolls of fog
 O - 2 scrolls of random uselessness {unknown}
Potions
 d - 6 potions of curing
 e - 2 potions of cancellation
 h - 2 potions of haste
 i - 3 potions of resistance
 o - a potion of flight
 z - a potion of agility
 G - a potion of ambrosia
 H - a potion of mutation {!q}
 M - 2 potions of heal wounds
Books
 b - a book of Enchantments

   Spells                             Type                      Level
   a - Cause Fear                     Hexes                        4
   b - Yara's Violent Unravelling     Hexes/Transmutation          5
   c - Silence                        Hexes/Air                    5
   d - Deflect Missiles               Charms/Air                   6
   e - Discord                        Hexes                        8
 u - a book of Clouds

   Spells                             Type                      Level
   a - Poisonous Vapours              Poison/Air                   2
   b - Mephitic Cloud                 Conjuration/Poison/Air       3
   c - Conjure Flame                  Conjuration/Fire             3
   d - Freezing Cloud                 Conjuration/Ice/Air          6
   e - Ring of Flames                 Charms/Fire                  7
 N - a book of Misfortune

   Spells                             Type                      Level
   a - Confusing Touch                Hexes                        1
   b - Confuse                        Hexes                        3
   c - Gell's Gravitas                Translocation                3
   d - Petrify                        Transmutation/Earth          4
   e - Metabolic Englaciation         Hexes/Ice                    5
   f - Yara's Violent Unravelling     Hexes/Transmutation          5
Miscellaneous
 F - a lightning rod (4/4)
Comestibles
 c - 4 bread rations
 E - 10 royal jellies


   Skills:
 - Level 1.1 Fighting
 - Level 1.1 Throwing
 - Level 1.7 Dodging
 * Level 14.4 Unarmed Combat
 - Level 2.4 Spellcasting
 + Level 12.3 Transmutations
 - Level 5.0 Ice Magic
 - Level 1.4 Invocations
 + Level 10.4 Evocations


You had 4 spell levels left.
You knew the following spells:

 Your Spells              Type           Power        Failure   Level  Hunger
b - Blade Hands           Tmut           ######....   10%         5    ######.
s - Sticks to Snakes      Tmut           ######..     3%          2    ##.....
x - Ice Form              Ice/Tmut       #####...     12%         4    #####..


Dungeon Overview and Level Annotations

Branches:
Dungeon (13/15)            Temple (0/1) D:6            Lair (0/6) D:9
    Orc (0/2) D:12
 Vaults: D:13-14

Altars:
Ashenzari
Dithmenos
Elyvilon
Fedhas
Kikubaaqudgha
Vehumet
Yredelemnul
The Shining One

Shops:
D:4 *   D:8 *   D:9 (   D:11 [   D:12 ([!([

Annotations:
D:9 exclusion: door


Innate Abilities, Weirdness & Mutations

You can breathe bolts of dispelling energy.
Your rich purple scales are hard. (AC +8)
You cannot fit into any form of body armour.
You are cold-blooded and may be slowed by cold attacks.
You have sharp fingernails.
Your mind is acute. (Int +2)


Message History

* * * LOW HITPOINT WARNING * * *
You slice the gargoyle!!
You destroy the gargoyle!
You slash the white ugly thing!
The white ugly thing is lightly wounded.
The white ugly thing tentacle-slaps you but does no damage.
You hit the white ugly thing. You tail-slap the white ugly thing.
The white ugly thing is moderately wounded.
The white ugly thing tentacle-slaps you!
* * * LOW HITPOINT WARNING * * *
The white ugly thing freezes you! You resist.
* * * LOW HITPOINT WARNING * * *
You slice the white ugly thing!!
The white ugly thing is heavily wounded.
You slice the white ugly thing!! You tail-slap the white ugly thing.
The white ugly thing is almost dead.
The white ugly thing tentacle-slaps you.
* * * LOW HITPOINT WARNING * * *
The white ugly thing freezes you! You resist.
You die...

....###≈.##..###..##
......##....## ##..#
.......##..## ##.#
........#..## #.#
........##..# #.#
.........##.....##.#
.......#..###..##..#
##...####..G####..##
≈≈## ###cu@...## #
########


You could see a white ugly thing, a glowing orange brain and a centaur.

Vanquished Creatures
  2 sphinxes (D:13)
  The ghost of dricus the Brawler, a journeyman TrMo of Okawaru (D:10)
  7 two-headed ogres
  A deep troll earth mage (D:13)
  A tengu warrior (D:13)
  Urug (D:11)
  An unseen horror (D:11)
  2 ugly things
  A deep elf mage (D:13)
  2 cyclopes (D:13)
  Joseph (D:7)
  2 gargoyles
  A kobold demonologist (D:13)
  A tengu conjurer (D:13)
  4 demonic crawlers (D:13)
  A komodo dragon (D:13)
  2 trolls
  5 hippogriffs
  16 yaks
  A wyvern (D:13)
  2 hungry ghosts
  A soldier ant (D:10)
  3 small abominations (D:13)
  A floating eye (D:13)
  The ghost of dragoran the Sneak, an amateur SpEn (D:3)
  4 orc warriors
  2 eyes of draining
  4 sky beasts
  3 ice beasts
  A necrophage (D:10)
  4 phantoms
  2 ogres
  5 centaurs
  A big kobold (D:8)
  7 bullfrogs
  2 wyvern zombies (D:11)
  2 scorpions
  11 wights
  16 killer bees
  3 electric eels (D:9)
  5 crimson imps
  2 howler monkeys
  2 quasits
  2 centaur skeletons
  A bullfrog skeleton (D:4)
  5 orc priests
  12 hounds
  4 jellies
  5 orc wizards
  4 iguanas
  11 worker ants
  A hound zombie (D:8)
  2 hound skeletons
  3 worker ant zombies
  16 adders
  4 gnolls (D:4)
  4 shadow imps
  6 oozes
  2 adder skeletons
  A worm (D:3)
  4 dart slugs
  7 leopard geckos
  22 orcs
  9 giant cockroaches
  11 goblins
  6 hobgoblins
  5 quokkas
  A ball python (D:8)
  7 bats
  4 frilled lizards
  9 kobolds
  A quokka skeleton (D:5)
  7 rats
313 creatures vanquished.

Notes
Turn   | Place    | Note
-------+----------+-------------------------------------------
     0 | D:1      | zigma the Draconian Transmuter began the quest for the Orb.
     0 | D:1      | Reached XP level 1. HP: 16/16 MP: 3/3
   163 | D:1      | Reached XP level 2. HP: 20/23 MP: 5/5
   773 | D:2      | Reached XP level 3. HP: 14/28 MP: 6/6
   837 | D:2      | Reached skill level 1 in Throwing
  1372 | D:2      | Reached skill level 4 in Unarmed Combat
  1671 | D:2      | Reached XP level 4. HP: 20/35 MP: 7/7
  1904 | D:2      | Learned a level 4 spell: Ice Form
  2984 | D:3      | Noticed dragoran's ghost (amateur SpEn)
  3011 | D:3      | Killed dragoran's ghost
  3011 | D:3      | Reached skill level 5 in Unarmed Combat
  3011 | D:3      | Reached skill level 1 in Ice Magic
  3011 | D:3      | Reached XP level 5. HP: 36/40 MP: 4/8
  3514 | D:4      | Reached XP level 6. HP: 42/47 MP: 9/9
  4056 | D:4      | Found a basalt altar of Yredelemnul.
  4389 | D:4      | Found a glowing golden altar of the Shining One.
  4396 | D:4      | Became a worshipper of the Shining One
  4661 | D:4      | Reached skill level 6 in Unarmed Combat
  4736 | D:4      | Your scales start taking on a rich purple colour.
  4736 | D:4      | Reached XP level 7. HP: 39/52 MP: 8/10
  4939 | D:4      | Found Solieg's General Store.
  4947 | D:4      | Bought a +0 cloak of poison resistance for 102 gold pieces
  4947 | D:4      | Bought a potion of might for 48 gold pieces
  5062 | D:5      | Entered Level 5 of the Dungeon
  5176 | D:4      | Learned a level 5 spell: Blade Hands
  5461 | D:5      | Found an ancient bone altar of Kikubaaqudgha.
  5466 | D:5      | Reached skill level 5 in Transmutations
  5467 | D:5      | Found a blossoming altar of Fedhas.
  5482 | D:5      | Reached * piety under the Shining One
  5507 | D:5      | Reached skill level 7 in Unarmed Combat
  5790 | D:6      | Reached XP level 8. HP: 25/59 MP: 11/11
  6113 | D:6      | Found a shadowy altar of Dithmenos.
  6348 | D:6      | Found a staircase to the Ecumenical Temple.
  6409 | D:6      | Learned a level 2 spell: Sticks to Snakes
  6464 | D:7      | Reached skill level 8 in Unarmed Combat
  6681 | D:7      | Noticed Joseph
  6731 | D:7      | Killed Joseph
  6731 | D:7      | Reached skill level 5 in Ice Magic
  6978 | D:8      | Reached XP level 9. HP: 46/64 MP: 12/12
  7036 | D:8      | Reached skill level 1 in Invocations
  7038 | D:8      | Reached skill level 9 in Unarmed Combat
  7259 | D:8      | Reached ** piety under the Shining One
  7330 | D:8      | Reached skill level 1 in Evocations
  7726 | D:8      | Found a shattered altar of Ashenzari.
  7757 | D:8      | Found Axzuger's Assorted Antiques.
  8085 | D:8      | Found a white marble altar of Elyvilon.
  8114 | D:8      | Reached skill level 10 in Unarmed Combat
  8232 | D:9      | Noticed a two-headed ogre
  8338 | D:9      | Found Hograwodgh's Antique Weapon Shop.
  8377 | D:9      | Noticed a two-headed ogre
  8383 | D:9      | HP: 2/64 [two-headed ogre/giant club (21)]
  8384 | D:9      | Killed a two-headed ogre
  8720 | D:9      | Reached XP level 10. HP: 62/71 MP: 7/13
  8735 | D:9      | Reached skill level 5 in Evocations
  9006 | D:9      | Noticed a two-headed ogre
  9017 | D:9      | Killed a two-headed ogre
  9698 | D:9      | Reached *** piety under the Shining One
 10479 | D:9      | Found a staircase to the Lair.
 10481 | D:9      | Reached skill level 10 in Transmutations
 10485 | D:9      | Reached skill level 11 in Unarmed Combat
 10604 | D:9      | Noticed a two-headed ogre
 10611 | D:9      | Killed a two-headed ogre
 10611 | D:9      | Reached XP level 11. HP: 42/77 MP: 10/16
 10826 | D:10     | Entered Level 10 of the Dungeon
 10828 | D:10     | Noticed dricus's ghost (journeyman TrMo)
 10856 | D:10     | Killed dricus's ghost
 11080 | D:10     | Found a radiant altar of Vehumet.
 11432 | D:10     | Noticed a two-headed ogre
 11439 | D:10     | Killed a two-headed ogre
 12128 | D:8      | Bought a pair of scorched gloves for 266 gold pieces
 12138 | D:8      | Identified the +0 pair of gloves of the Stallion {*Corrode rN+ SInv Stlth+} (You bought it in a shop on level 8 of the Dungeon)
 12345 | D:11     | Noticed Urug
 12690 | D:11     | Found Gaagap's Antique Armour Boutique.
 12711 | D:11     | Noticed a purple ugly thing
 12719 | D:11     | Killed a purple ugly thing
 12722 | D:11     | Killed Urug
 12722 | D:11     | Reached skill level 12 in Unarmed Combat
 12981 | D:11     | Noticed an unseen horror
 12983 | D:11     | Killed an unseen horror
 13094 | D:11     | Noticed a two-headed ogre
 13099 | D:11     | Killed a two-headed ogre
 13209 | D:11     | Reached **** piety under the Shining One
 13308 | D:12     | Killed a two-headed ogre
 13478 | D:12     | Found Guiriex's Distillery.
 13491 | D:12     | Bought a potion of heal wounds for 65 gold pieces
 13584 | D:12     | Found Gipsa's Antique Armour Shoppe.
 13867 | D:12     | Reached XP level 12. HP: 83/83 MP: 18/18
 13879 | D:12     | Found Qeffekae's Armour Shop.
 13947 | D:12     | Found Plog's Weapon Emporium.
 14093 | D:12     | Found Efeecuply's Weapon Shoppe.
 14099 | D:12     | Found a staircase to the Orcish Mines.
 14340 | D:13     | Reached skill level 13 in Unarmed Combat
 14553 | D:13     | Found a runed door.
 14553 | D:13     | Noticed a deep troll earth mage
 14554 | D:13     | Noticed a sphinx
 14556 | D:13     | Noticed a sphinx
 14569 | D:13     | Killed a deep troll earth mage
 14571 | D:13     | Killed a sphinx
 14575 | D:13     | Killed a sphinx
 14730 | D:13     | Got a shimmering scimitar
 14731 | D:13     | Identified the cursed +1 scimitar of Judgement {freeze, *Noise rElec Str+4} (You found it on level 13 of the Dungeon)
 14887 | D:13     | Gained mutation: Your mind is acute. (Int +2) [mutagenic meat]
 15237 | D:13     | Noticed a two-headed ogre
 15250 | D:13     | Killed a two-headed ogre
 15250 | D:13     | Reached skill level 14 in Unarmed Combat
 15250 | D:13     | Reached skill level 10 in Evocations
 15432 | D:13     | Noticed a tengu warrior
 15451 | D:13     | Killed a tengu warrior
 15475 | D:13     | Gained mutation: You have sharp fingernails. [mutagenic meat]
 15735 | D:13     | Reached ***** piety under the Shining One
 16099 | D:13     | Slain by a white ugly thing

Skill      XL: |  1  2  3  4  5  6  7  8  9 10 11 12 |
---------------+-------------------------------------+-----
Throwing       | 1 |  1.1
Unarmed Combat | 4 5 6 7 8 10 11 12 14 | 14.4
Transmutations | 3 4 5 6 7 10 11 12 | 12.3
Ice Magic      | 1 2 3 5 |  5.0
Invocations    | 1 |  1.4
Evocations     | 4 6 8 10 | 10.4
Fighting       | |  1.1
Dodging        | |  1.7
Spellcasting   | |  2.4

Action                   |  1- 3 |  4- 6 |  7- 9 | 10-12 || total
-------------------------+-------+-------+-------+-------++-------
Melee: Unarmed           |   144 |   269 |   328 |   383 ||  1124
       Tailslap          |     6 |    18 |    27 |    39 ||    90
       Headbutt          |       |     3 |     5 |       ||     8
       Punch             |       |     3 |     5 |    16 ||    24
Throw: Javelin           |    26 |     4 |       |       ||    30
       Tomahawk          |    22 |    42 |       |     1 ||    65
 Cast: Ice Form          |       |     1 |     7 |       ||     8
       Beastly Appendage |       |     3 |     2 |       ||     5
       Blade Hands       |       |       |     2 |    35 ||    37
 Abil: Breathe Dispellin |       |       |     5 |     1 ||     6
       End Transformatio |       |       |     1 |       ||     1
       Evoke Berserk Rag |       |       |       |     4 ||     4
Evoke: Wand              |       |       |     8 |     5 ||    13
  Use: Scroll            |     8 |     2 |     4 |     8 ||    22
       Potion            |     1 |     4 |     4 |     5 ||    14
 Stab: Sleeping          |       |     1 |       |       ||     1
       Invisible         |       |     4 |       |       ||     4
  Eat: Chunk             |     2 |    11 |     8 |    35 ||    56
       Fruit             |       |       |     2 |     2 ||     4
       Meat ration       |       |       |     1 |     1 ||     2
       Royal jelly       |       |       |       |     1 ||     1
Armor: Skin              |    42 |    76 |   112 |    75 ||   305
Dodge: Dodged            |   105 |   150 |   134 |   191 ||   580
